 Dungeon Crawl Stone Soup version 0.17-a0-2122-g03d97ec (webtiles) character file.

21 Duffy the Ruffian (level 2, 0/29 HPs)
             Began as a Troll Fighter on Oct 21, 2015.
             Slain by brucemayne's ghost (1 damage)
             ... on level 5 of the Dungeon.
             The game lasted 00:00:42 (364 turns).

Duffy the Ruffian (Troll Fighter)                    Turns: 364, Time: 00:00:42

Health: 0/29       AC:  5    Str: 23    XL:     2   Next: 62%
Magic:  1/1        EV:  8    Int:  4    God:
Gold:   44         SH:  8    Dex:  9    Spells: 0 memorised, 1 level left

rFire  . . .     SeeInvis .       - Unarmed
rCold  . . .     Clarity  .     a - +0 robe
rNeg   . . .     SustAt   .     b - +0 shield
rPois  .         Gourm    +     (helmet restricted)
rElec  .         Spirit   .     (no cloak)
rCorr  .         Warding  .     (gloves unavailable)
rMut   .         Stasis   .     (boots unavailable)
MR     .....                    (no amulet)
Stlth  +.........               (no ring)
                                (no ring)

@: not resistant to hostile enchantments, very unstealthy
A: unfitting armour, claws 3, fast metabolism 3, gourmand, regeneration 2,
shaggy fur 1, tough skin 2
a: no special abilities


You were on level 5 of the Dungeon.
You were completely stuffed.

You visited 1 branch of the dungeon, and saw 5 of its levels.

You collected 44 gold pieces.


Innate Abilities, Weirdness & Mutations

You are too large for most types of armour.
You have claws for hands.
Your metabolism is lightning-fast.
You like to eat raw meat.
You heal very quickly.
You are covered in fur (AC +1).
You have very tough skin (AC +2).


   Skills:
 - Level 2.4 Fighting
 - Level 2.4 Dodging
 - Level 2.4 Shields
 + Level 3.2 Unarmed Combat


You had one spell level left.
You didn't know any spells.

Inventory:

Missiles
 f - 13 stones (quivered)
Armour
 a - a +0 robe (worn)
 b - a +0 shield (worn)
Scrolls
 e - a scroll of random uselessness {unknown}
 g - 3 scrolls of identify {unknown}
 i - a scroll of amnesia {unknown}
 j - a scroll of remove curse {unknown}
 n - a scroll of magic mapping {unknown}
Potions
 c - 3 potions of might
 k - a potion of curing {unknown}
 m - a potion of mutation {unknown}
Comestibles
 d - 2 bread rations
 h - a meat ration
 l - a chunk of flesh

Dungeon Overview and Level Annotations

Branches:
Dungeon (5/15)
 Temple: D:4-7

Altars:

Annotations:
D:5 brucemayne's ghost, amateur DsBe


Message History

You block brucemayne's ghost's attack.
You closely miss brucemayne's ghost.
Brucemayne's ghost is lightly damaged.
Brucemayne's ghost hits you.
You scratch brucemayne's ghost.
Brucemayne's ghost is lightly damaged.
Brucemayne's ghost barely misses you.
You scratch brucemayne's ghost but do no damage.
Brucemayne's ghost is lightly damaged.
Brucemayne's ghost hits you!
You closely miss brucemayne's ghost.
Brucemayne's ghost is lightly damaged.
You block brucemayne's ghost's attack.
You barely miss brucemayne's ghost.
Brucemayne's ghost is lightly damaged.
Brucemayne's ghost shrieks, "I have seen your future, and it is all used up."
You block brucemayne's ghost's attack.
You barely miss brucemayne's ghost.
Brucemayne's ghost is lightly damaged.
Brucemayne's ghost hits you!
You claw brucemayne's ghost!
Brucemayne's ghost is heavily damaged.
You block brucemayne's ghost's attack.
You claw brucemayne's ghost!
Brucemayne's ghost is severely damaged.
Brucemayne's ghost hits you but does no damage.
You barely miss brucemayne's ghost.
Brucemayne's ghost is severely damaged.
Brucemayne's ghost hits you! You block brucemayne's ghost's attack.
You barely miss brucemayne's ghost.
Brucemayne's ghost is severely damaged.
You scratch brucemayne's ghost.
Brucemayne's ghost is severely damaged.
Brucemayne's ghost hits you. x2
You die...

.. ..# .. ..# #.
.^# #. ..#
#####. ..# #
.$... ..#.#.#
#####..##......#
.......W@..#
.......##.#...#
#####.# ... ...
#. ##... # #
#.## .# #


You could see brucemayne's ghost.

Action                   || total
-------------------------++-------
Melee: Unarmed           ||    59
  Eat: Chunk             ||     9

Notes
Turn   | Place    | Note
--------------------------------------------------------------
     0 | D:1      | Duffy the Troll Fighter began the quest for the Orb.
     0 | D:1      | Reached XP level 1. HP: 22/22 MP: 0/0
   257 | D:3      | Reached XP level 2. HP: 29/29 MP: 1/1
   343 | D:5      | Entered Level 5 of the Dungeon
   343 | D:5      | Noticed brucemayne's ghost (amateur DsBe)
   352 | D:5      | Reached skill level 3 in Unarmed Combat
   364 | D:5      | Slain by brucemayne's ghost

Vault maps used:
D:1:      dpeg_arrival_leaves_temple_mockup
D:2:      zin_scriptorium, lemuel_zombie_altar_kikubaaqudgha,
          evilmike_ruin_ashenzari
D:3:      nicolae_overflow_hidden_temple
D:4:      lemuel_temple_firewalk_marked, first_bread, uniq_eustachio,
          uniq_blork_the_orc, uniq_menkaure
D:5:      fedhas_altar_1, uniq_sigmund

Vanquished Creatures
  An adder
  A giant cockroach
  3 hobgoblins
  2 giant newts
  4 goblins
  A quokka
12 creatures vanquished.
